 Seeded DCSS version 0.31-a0-667-g39726597b9 (webtiles) character file.

Game seed: 8226958467842168542 (custom seed)

5836 demibob the Marksminotaur (level 10, -2/74 HPs)
             Began as a Minotaur Hunter on Sept 3, 2023.
             Slain by Fannar
             ... wielding a +0 quarterstaff of freezing
              (24 damage)
             ... on level 10 of the Dungeon.
             The game lasted 00:10:01 (7642 turns).

demibob the Marksminotaur (Minotaur Hunter)         Turns: 7642, Time: 00:10:02

Health: -2/74      AC:  3    Str: 15    XL:     10   Next: 51%
Magic:  9/9        EV: 12    Int:  6    God:
Gold:   408        SH:  0    Dex: 19    Spells: 9/9 levels left

rFire   . . .        a - +2 triple crossbow (elec)
rCold   . . .        (shield currently unavailable)
rNeg    . . .        c - +0 leather armour
rPois   .            (helmet restricted)
rElec   .            k - scarf "Sorig" {repulsion, -Cast Harm Slay+6}
rCorr   .            (no gloves)
SInv    .            (no boots)
Will    .....        (no amulet)
Stlth   ++           (no ring)
HPRegen 0.32/turn    (no ring)
MPRegen 0.11/turn

%: no spellcasting, harm (+30% outgoing, +20% incoming), repel missiles
@: no status effects
A: horns 2, retaliatory headbutt
a: no special abilities


You were on level 10 of the Dungeon.
You visited 2 branches of the dungeon, and saw 11 of its levels.

You collected 1084 gold pieces.
You spent 676 gold pieces at shops.


Innate Abilities, Weirdness & Mutations

You have a pair of horns on your head.
You reflexively headbutt those who attack you in melee.


   Skills:
 - Level 2.4 Fighting
 + Level 17.3 Ranged Weapons
 - Level 2.1 Dodging
 - Level 0.7 Stealth


You had 9 spell levels left.
You didn't know any spells.
Your spell library contained the following spells:

 Spells                   Type           Power      Damage    Failure   Level
 Sandblast                Erth           0%         2d4       52%         1
 Passwall                 Tmut/Erth      0%         N/A       67%         2
 Frozen Ramparts          Ice            0%         1d1       88%         3
 Gell's Gravitas          Tloc           0%         N/A       88%         3
 Portal Projectile        Hex/Tloc       0%         N/A       88%         3
 Stone Arrow              Conj/Erth      0%         3d7       88%         3
 Teleport Other           Tloc           0%         N/A       88%         3
 Tukima's Dance           Hex            0%         N/A       88%         3
 Animate Dead             Necr           0%         N/A       99%         4
 Cause Fear               Hex            0%         N/A       99%         4
 Iskenderun's Mystic Bla  Conj/Tloc      0%         2d3       99%         4
 Petrify                  Tmut/Erth      0%         N/A       99%         4
 Summon Ice Beast         Ice/Summ       0%         N/A       99%         4
 Borgnjor's Vile Clutch   Necr/Erth      0%         N/A       100%        5
 Fireball                 Conj/Fire      0%         3d3       100%        5
 Metabolic Englaciation   Hex/Ice        0%         N/A       100%        5
 Summon Mana Viper        Hex/Summ       0%         N/A       100%        5
 Death Channel            Necr           0%         N/A       100%        6
 Dispersal                Tloc           0%         N/A       100%        6
 Monstrous Menagerie      Summ           0%         N/A       100%        7
 Dragon's Call            Summ           0%         N/A       100%        9

Inventory:

Hand Weapons
 a - a +2 triple crossbow of electrocution (weapon)
 m - a +0 shortbow
 x - the +9 longbow "Wozer" {freeze, rPois}
   (You acquired it on level 4 of the Dungeon)

   rPois:     It protects you from poison
Missiles
 v - a throwing net {=f}
Armour
 b - a +0 pair of gloves
 c - a +0 leather armour (worn)
 k - the scarf "Sorig" (worn) {repulsion, -Cast Harm Slay+6}
   (You acquired it on level 2 of the Dungeon)

   Slay+6:    It affects your accuracy & damage with ranged weapons and melee
   (+6).
   -Cast:     It prevents spellcasting.
   Harm:      It increases damage dealt and taken.
Magical Staves
 j - a staff of earth {!a}
Wands
 n - a wand of flame (50)
Scrolls
 g - 7 scrolls of identify {unknown}
 h - a scroll of teleportation {@r2}
 l - 4 scrolls of amnesia {unknown}
 o - 3 scrolls of noise {unknown}
 q - 2 scrolls of enchant weapon {unknown}
 s - a scroll of fog {unknown}
 t - a scroll of poison {unknown}
Potions
 e - 2 potions of ambrosia {unknown}
 f - 2 potions of mutation {unknown}
 i - 3 potions of lignification {unknown}
 p - 2 potions of brilliance {unknown}
 r - a potion of cancellation
 u - a potion of attraction {unknown}
 w - a potion of degeneration {unknown}

Dungeon Overview and Level Annotations

Branches:
Dungeon (10/15)            Temple (1/1) D:7             Orc (0/2) D:9
   Lair: D:8-11

Altars:
Ashenzari
Cheibriados
Dithmenos
Elyvilon
Fedhas
Gozag
Hepliaklqana
Kikubaaqudgha
Makhleb
Nemelex Xobeh
Qazlal
Ru
Sif Muna
Trog
Uskayaw
Vehumet
Wu Jian
Xom
Yredelemnul
Zin
The Shining One

Shops:
D:4 ?   D:9 [   D:10 [

Annotations:
D:3 1 runed translucent door, Crazy Yiuf
D:10 Fannar

#...... ...# #.....###...#
###......).|..#
...............
...............
.....e.........
...............
#+########'####### ##### #
.....§.@e......... ..... ..##
+########§#######. .....
#.......[...........#######.
#...#######.........#.....8.
#...................#.......
#...................# ##8...
#######'################.....
...........................>.
.............................


You could see Fannar.


Message History

Press: ? - help, Q - select action, (/) - cycle Shift-Dir - straight line, f/p - Fannar
Aim: Fannar, wielding a +0 quarterstaff of freezing, wearing a +2 robe of cold resistance and wearing a ring of ice (moderately wounded, 60% to hit)
You shoot a bolt. The bolt hits the ice beast!!!
You kill the ice beast!
The ice beast disappears in a puff of smoke!
Fannar hits you with a +0 quarterstaff of freezing!
* * * LOW HITPOINT WARNING * * *
Fannar freezes you.
* * * LOW HITPOINT WARNING * * *
Fire: a) +2 triple crossbow (elec)
Press: ? - help, Q - select action, (/) - cycle Shift-Dir - straight line, f/p - Fannar
Aim: Fannar, wielding a +0 quarterstaff of freezing, wearing a +2 robe of cold resistance and wearing a ring of ice (moderately wounded, 60% to hit)
You shoot a bolt. The bolt hits Fannar!!
Lightning courses through Fannar!
Fannar is severely wounded.
Fannar hits you with a +0 quarterstaff of freezing.
* * * LOW HITPOINT WARNING * * *
Fannar freezes you.
* * * LOW HITPOINT WARNING * * *
Fire: a) +2 triple crossbow (elec)
Press: ? - help, Q - select action, (/) - cycle Shift-Dir - straight line, f/p - Fannar
Aim: Fannar, wielding a +0 quarterstaff of freezing, wearing a +2 robe of cold resistance and wearing a ring of ice (purple smoke, severely wounded, 60% to hit)
You shoot a bolt. The bolt closely misses Fannar.
Fannar hits you but does no damage. Fannar misses you.
Fire: a) +2 triple crossbow (elec)
Press: ? - help, Q - select action, (/) - cycle Shift-Dir - straight line, f/p - Fannar
Aim: Fannar, wielding a +0 quarterstaff of freezing, wearing a +2 robe of cold resistance and wearing a ring of ice (purple smoke, severely wounded, 60% to hit)
You shoot a bolt. The bolt barely misses Fannar.
Fannar casts a spell.
Fannar drains the heat from the surrounding environment!
You die...

Skill      XL: |  1  2  3  4  5  6  7  8  9 10 |
---------------+-------------------------------+-----
Ranged Weapons | 5 6 7 8 9 11 13 16 17 | 17.3
Fighting       | |  2.4
Dodging        | |  2.1
Stealth        | |  0.7

Action                     |  1- 3 |  4- 6 |  7- 9 | 10-12 || total
---------------------------+-------+-------+-------+-------++-------
   Fire: Shortbow          |    89 |   153 |       |       ||   242
         Triple crossbow   |       |       |   102 |     4 ||   106
         Longbow           |       |       |    23 |    84 ||   107
    Use: Potion            |     1 |       |     2 |     2 ||     5
         Scroll            |       |     3 |     4 |       ||     7
 Armour: Leather armour    |    37 |    20 |    20 |    18 ||    95
  Dodge: Dodged            |    43 |    19 |    24 |    16 ||   102
         Repelled          |       |       |     1 |       ||     1

Levels and vault maps discovered:
D:1:      psy_arrival_statuary, layout_rooms
D:2:      layout_basic, uniq_robin
D:3:      layout_basic, minmay_misc_feat_tiny, corexii_leaking_fountain,
          uniq_jessica, uniq_crazy_yiuf_cottage
D:4:      layout_basic, serial_co_window_serial, co_window_of_opportunity_a,
          co_window_paths_b, co_window_paths_a, co_window_corner_a,
          co_window_paths_a, co_window_corner_ca, co_window_broadway_b,
          co_window_of_opportunity_b, co_window_broadway_a, co_window_paths_c,
          glass_columns_c, glass_columns_a, serial_shops, shop,
          hangedman_decor_riveting, uniq_grinder
D:5:      layout_basic, amethyst_overflow_temple_binary, kennysheep_dice,
          uniq_sigmund
D:6:      layout_cave_pools, grunt_tough_drop, uniq_maggie, uniq_blork_the_orc
D:7:      layout_loops_ring, nicolae_gozag_seed_capital, lemuel_doored_altar,
          minmay_temple_entry_fiery, uniq_prince_ribbit1
D:8:      layout_loops_ring
D:9:      kennysheep_kobold_camp, layout_layer_cave, slow_altar_2,
          mainiacjoe_overflow_cross_hatched,
          kennysheep_orc_monster_closet_entryway, serial_shops, shop
D:10:     layout_stronghold, nicolae_stop_n_shop_1, grunt_ogre_cave, uniq_fannar
Temple:   compressed_dpeg_triangle_lava_temple

Notes
Turn   | Place    | Note
-------+----------+-------------------------------------------
     0 | D:1      | demibob the Minotaur Hunter began the quest for the Orb.
     0 | D:1      | Reached XP level 1. HP: 18/18 MP: 0/0
    87 | D:1      | Reached skill level 5 in Ranged Weapons
    87 | D:1      | Reached XP level 2. HP: 25/25 MP: 1/1
   164 | D:1      | Reached XP level 3. HP: 30/30 MP: 2/2
   193 | D:1      | You fall into a shaft and drop 1 floor!
   224 | D:2      | Noticed Robin
   247 | D:2      | Killed Robin
   248 | D:2      | Reached skill level 6 in Ranged Weapons
   283 | D:2      | Reached XP level 4. HP: 15/37 MP: 3/3
  1207 | D:2      | Identified 2 scrolls of acquirement
  1207 | D:2      | Acquired a +2 triple crossbow of electrocution
  1209 | D:2      | Acquired the scarf "Sorig" {repulsion, -Cast Harm Slay+6}
  1245 | D:3      | Reached skill level 7 in Ranged Weapons
  1245 | D:3      | Reached XP level 5. HP: 30/42 MP: 4/4
  1444 | D:3      | Noticed Jessica
  1446 | D:3      | Killed Jessica
  1822 | D:3      | Reached skill level 8 in Ranged Weapons
  1982 | D:3      | Found a runed translucent door.
  1983 | D:3      | Noticed Crazy Yiuf
  2291 | D:4      | Reached XP level 6. HP: 44/50 MP: 5/5
  2537 | D:4      | Reached skill level 9 in Ranged Weapons
  2776 | D:4      | Found Goeh's Magic Scroll Shop.
  2920 | D:4      | Noticed Grinder
  2930 | D:4      | Killed Grinder
  2931 | D:4      | Reached XP level 7. HP: 55/56 MP: 6/6
  3289 | D:5      | Entered Level 5 of the Dungeon
  3293 | D:5      | Reached skill level 10 in Ranged Weapons
  3512 | D:5      | Noticed Sigmund
  3513 | D:5      | Killed Sigmund
  3584 | D:5      | Reached skill level 11 in Ranged Weapons
  3584 | D:5      | Reached XP level 8. HP: 62/62 MP: 7/7
  3952 | D:5      | Found a glowing silver altar of Zin.
  4045 | D:6      | Reached skill level 12 in Ranged Weapons
  4281 | D:6      | Noticed Maggie
  4284 | D:6      | Killed Maggie
  4285 | D:6      | Reached skill level 13 in Ranged Weapons
  4418 | D:6      | Reached XP level 9. HP: 68/68 MP: 8/8
  4557 | D:6      | Noticed Blork the orc
  4558 | D:6      | Killed Blork the orc
  4760 | D:7      | Found a burning altar of Makhleb.
  4785 | D:7      | Reached skill level 14 in Ranged Weapons
  4794 | D:7      | Found an opulent altar of Gozag.
  5076 | D:7      | Noticed Prince Ribbit
  5077 | D:7      | Killed Prince Ribbit
  5266 | D:7      | Found a staircase to the Ecumenical Temple.
  5371 | D:8      | Upgraded the game from 0.31-a0-664-g902f515a81 to
                  | 0.31-a0-667-g39726597b9
  5387 | D:8      | Acquired 677 gold pieces
  5400 | D:8      | Reached skill level 15 in Ranged Weapons
  5967 | D:4      | Bought a scroll of acquirement for 676 gold pieces
  5967 | D:4      | Acquired the +9 longbow "Wozer" {freeze, rPois}
  6147 | D:9      | Found Kikenepp's Antique Armour Shop.
  6414 | D:9      | Reached skill level 16 in Ranged Weapons
  6414 | D:9      | Reached XP level 10. HP: 74/74 MP: 9/9
  6588 | D:9      | Found a radiant altar of Vehumet.
  6715 | D:9      | Found a snail-covered altar of Cheibriados.
  6817 | D:9      | Found a staircase to the Orcish Mines.
  6845 | D:9      | Reached skill level 17 in Ranged Weapons
  7465 | Temple   | Entered the Ecumenical Temple
  7580 | D:10     | Entered Level 10 of the Dungeon
  7580 | D:10     | Found Samet's Antique Armour Shoppe.
  7625 | D:10     | Noticed Fannar
  7634 | D:10     | HP: 4/74 [Fannar/+0 quarterstaff of freezing (30)]
  7642 | D:10     | Slain by Fannar

Vanquished Creatures
  Maggie (D:6)
  A troll (D:9)
  Prince Ribbit (D:7)
  Grinder (D:4)
  Sigmund (D:5)
  A shadow (D:9)
  A wyvern (D:9)
  A wraith (D:9)
  4 vampire mosquitoes (D:9)
  An acid dragon (D:8)
  3 water moccasins
  An ice beast (D:5)
  7 orc warriors
  2 ogres (D:9)
  3 centaurs
  4 kobold brigands (D:9)
  A gnoll sergeant (D:9)
  Blork the orc (D:6)
  A bullfrog (D:9)
  4 scorpions
  5 wights
  6 killer bees (D:9)
  A howler monkey (D:8)
  3 jellies
  3 hounds
  4 orc priests
  A gnoll bouda (D:6)
  Jessica (D:3)
  4 iguanas
  6 orc wizards
  2 sleepcaps
  Robin (D:2)
  5 adders
  12 gnolls
  2 shadow imps (D:6)
  4 worms
  A dart slug (D:3)
  41 orcs
  2 bats (D:1)
  11 endoplasms
  A giant cockroach (D:3)
  14 goblins
  9 hobgoblins
  11 jackals
  5 quokkas
  6 ball pythons
  A frilled lizard (D:2)
  22 kobolds
  8 rats
232 creatures vanquished.

Table legend: (Time is in decaauts)
 A = Elapsed time spent in this place.
 B = Non-inter-level travel time spent in this place.
 C = Inter-level travel time spent in this place.
 D = Time resting spent in this place.
 E = Time spent auto-exploring this place.
 F = Levels seen in this place.
 G = Mean time per level.
                   A        B        C        D        E       F      G
               +--------+--------+--------+--------+--------+-----+--------+
         Total |   7735 |   7186 |    549 |     21 |   6258 |  11 |  703.2 |
       Dungeon |   7682 |   7152 |    530 |     21 |   6258 |  10 |  768.2 |
        Temple |     52 |     34 |     18 |      0 |      0 |   1 |   52.0 |
               +--------+--------+--------+--------+--------+-----+--------+

Top non-repeatable levels by time:
     D:9: 1318 daAuts
     D:4: 1061 daAuts
     D:2: 1057 daAuts
     D:3: 1040 daAuts
     D:7: 793 daAuts
     D:5: 769 daAuts
     D:6: 748 daAuts
     D:8: 628 daAuts
     D:1: 202 daAuts
    D:10: 61 daAuts
  Temple: 52 daAuts

Table legend:
 A = Non-vault XP
 B = Vault XP
 C = Vault XP percentage of total XP
 D = Non-vault monster count
 E = Vault monster count
 F = Vault count percentage of total count
                 A         B        C        D         E       F
            +---------+---------+-------+---------+---------+-------
      Total |    5111 |    3227 |  38.7 |     170 |      62 |  26.7
            +---------+---------+-------+---------+---------+-------
        D:1 |      56 |       0 |   0.0 |      26 |       0 |   0.0
        D:2 |      71 |      34 |  32.4 |      24 |      12 |  33.3
        D:3 |     178 |      37 |  17.2 |      26 |       1 |   3.7
        D:4 |     314 |     258 |  45.1 |      12 |       1 |   7.7
        D:5 |     297 |     387 |  56.6 |      14 |       3 |  17.6
        D:6 |    1049 |     647 |  38.1 |      30 |       4 |  11.8
        D:7 |     205 |     286 |  58.2 |       6 |       1 |  14.3
        D:8 |     856 |       0 |   0.0 |      14 |       0 |   0.0
        D:9 |    1979 |    1578 |  44.4 |      17 |      40 |  70.2
       D:10 |     106 |       0 |   0.0 |       1 |       0 |   0.0
            +---------+---------+-------+---------+---------+-------
